 Dungeon Crawl Stone Soup version 0.23.0 (webtiles) character file.

Game seed: 4323723281593902781

39 grindst0ne the Skirmisher (level 3, -6/35 HPs)
             Began as a Gnoll Wanderer on Feb 9, 2019.
             Killed by divine providence
             ... invoked by an orc priest
              (17 damage)
             ... on level 1 of the Dungeon.
             The game lasted 00:03:26 (1018 turns).

grindst0ne the Skirmisher (Gnoll Wanderer)          Turns: 1018, Time: 00:03:27

Health: -6/35      AC:  3    Str: 16    XL:     3   Next: 47%
Magic:  7/7        EV:  9    Int: 14    God:
Gold:   36         SH:  8    Dex: 13    Spells: 6/7 levels left

rFire    . . .     SeeInvis .   b - +0 spear
rCold    . . .     Gourm    .   a - +0 shield
rNeg     . . .     Faith    .   j - +0 leather armour
rPois    .         Spirit   .   (no helmet)
rElec    .         Reflect  .   (no cloak)
rCorr    .         Harm     .   (no gloves)
MR       .....                  (no boots)
Stlth    +.........             (no amulet)
HPRegen  0.11/turn              (no ring)
MPRegen  0.10/turn              (no ring)

@: no status effects
A: distributed training, fangs 1, strong nose
a: no special abilities


You were on level 1 of the Dungeon.
You were not hungry.

You visited 1 branch of the dungeon, and saw 2 of its levels.

You collected 36 gold pieces.

Inventory:

Hand Weapons
 b - a +0 spear (weapon)
Armour
 a - a +0 shield (worn)
 d - a +0 robe
 j - a +0 leather armour (worn)
Scrolls
 g - a scroll of teleportation
 h - a scroll of remove curse
 i - 3 scrolls of identify {unknown}
Potions
 e - 2 potions of curing {unknown}
Comestibles
 c - a chunk of flesh
 f - a ration


   Skills:
 + Level 6.5 Fighting
 + Level 0.8 Short Blades
 + Level 0.8 Long Blades
 + Level 0.8 Axes
 + Level 0.8 Maces & Flails
 + Level 0.8 Polearms
 + Level 0.8 Staves
 + Level 0.8 Slings
 + Level 0.8 Bows
 + Level 0.8 Crossbows
 + Level 0.8 Throwing
 + Level 0.8 Armour
 + Level 0.8 Dodging
 + Level 0.8 Stealth
 + Level 2.6 Shields
 + Level 0.8 Unarmed Combat
 + Level 2.8 Spellcasting
 + Level 0.5 Conjurations
 + Level 0.5 Hexes
 + Level 0.5 Charms
 + Level 0.5 Summonings
 + Level 0.5 Necromancy
 + Level 0.5 Translocations
 + Level 0.5 Transmutations
 + Level 3.7 Fire Magic
 + Level 0.5 Ice Magic
 + Level 0.5 Air Magic
 + Level 0.5 Earth Magic
 + Level 3.7 Poison Magic
 + Level 1.0 Invocations
 + Level 2.6 Evocations


You had 6 spell levels left.
You knew the following spells:

 Your Spells              Type           Power        Failure   Level  Hunger
a - Flame Tongue          Conj/Fire      #....        50%         1    #......

Your spell library contained the following spells:

 Spells                   Type           Power        Failure   Level  Hunger
 Ignite Poison            Fire/Tmut/Pois #.......     78%         3    ###....


Dungeon Overview and Level Annotations

Branches:
Dungeon (2/15)

Altars:


Innate Abilities, Weirdness & Mutations

Your experience applies equally to all skills.
You have very sharp teeth.
Your uncanny sense of smell can sniff out nearby items.


Message History

The orc priest is heavily wounded.
The orc wizard hits you with a +0 dagger. x2
You block the orc priest's attack.
You hit the orc priest.
The orc priest is severely wounded.
The orc wizard hits you with a +0 dagger.
You block the orc priest's attack. The orc wizard completely misses you.
The orc priest barely misses you.
You hit the orc priest. Your bite misses the orc priest.
The orc priest is severely wounded.
The orc wizard hits you but does no damage.
The orc wizard casts a spell at you. The puff of frost misses you.
The orc priest looks encouraged for a moment.
You barely miss the orc priest.
The orc priest is severely wounded.
The orc wizard hits you but does no damage.
The orc priest calls down the wrath of Beogh upon you.
Beogh smites you!
You die...

###.#...............#####........
.................................
................................#
####.###......................###
#.###..)...............##.##
#..................###.#..#
##..#..............#.'.#.##
#..#..............#.#≈#.#
#..#.......o@...###.#≈#.#
#####..#.......#.o..#.#.#≈###
....##.#........[##...#.'.#
###......##.##...#....###.######
.....#...............#.........##
####.....##..........##.....##...
###......#...>...........###+#
#..#....."......(##.....##≈.≈
##..####.#........##......#≈≈.


You could see an orc priest and an orc wizard.

Vanquished Creatures
  An ooze (D:1)
  A dart slug (D:1)
  A leopard gecko (D:1)
  A ball python (D:1)
  2 bats (D:1)
  4 goblins
  4 hobgoblins (D:1)
  4 jackals (D:1)
  4 kobolds
  5 frilled lizards (D:1)
  2 rats (D:1)
29 creatures vanquished.

Notes
Turn   | Place    | Note
-------+----------+-------------------------------------------
     0 | D:1      | grindst0ne the Gnoll Wanderer began the quest for the Orb.
     0 | D:1      | grindst0ne set off with the following items: a +0 shield, a
                  | +0 spear, a +0 robe, a ration; and the following spell
                  | memorised: Flame Tongue; and the following spells available
                  | to memorise: Ignite Poison
     0 | D:1      | Reached XP level 1. HP: 23/23 MP: 4/4
   116 | D:1      | Reached XP level 2. HP: 19/29 MP: 0/5
   340 | D:1      | Reached XP level 3. HP: 16/35 MP: 7/7
  1003 | D:2      | Reached skill level 1 in Invocations
  1018 | D:1      | Killed from afar by an orc priest

Skill      XL: |  1  2  3 |
---------------+----------+-----
Invocations    | 1 |  1.0
Fighting       | |  6.5
Short Blades   | |  0.8
Long Blades    | |  0.8
Axes           | |  0.8
Maces & Flails | |  0.8
Polearms       | |  0.8
Staves         | |  0.8
Slings         | |  0.8
Bows           | |  0.8
Crossbows      | |  0.8
Throwing       | |  0.8
Armour         | |  0.8
Dodging        | |  0.8
Stealth        | |  0.8
Shields        | |  2.6
Unarmed Combat | |  0.8
Spellcasting   | |  2.8
Conjurations   | |  0.5
Hexes          | |  0.5
Charms         | |  0.5
Summonings     | |  0.5
Necromancy     | |  0.5
Translocations | |  0.5
Transmutations | |  0.5
Fire Magic     | |  3.7
Ice Magic      | |  0.5
Air Magic      | |  0.5
Earth Magic    | |  0.5
Poison Magic   | |  3.7
Evocations     | |  2.6

Action                   || total
-------------------------++-------
Melee: Spear             ||   119
       Bite              ||    11
 Cast: Flame Tongue      ||     5
  Use: Scroll            ||     2
  Eat: Chunk             ||     1
Armor: Robe              ||    16
       Leather armour    ||     5
Dodge: Dodged            ||    60
Block: Shield            ||    69
